TOP OF THE 1ST |
Bowling Green Hot Rods batting - Pitching for Quad Cities River Bandits : RHP Alex Salinas
|
Pitching: RHP Alex Salinas
|
|
Batting: RHB Dermott Kennelly
|
0-0: Called Strike 0-1: Ball 1-1: Ball 2-1: Ball 3-1: Base on Balls
|
Batting: LHB Mario Ocana
|
0-0: Called Strike 0-1: Ball 1-1: Swinging Strike 1-2: SINGLE (Groundball, 56D, EV 95.6 MPH) Dermott Kennelly to second
|
Batting: RHB Adam Kaeser
|
0-0: Ball 1-0: Called Strike 1-1: Ball 2-1: Called Strike 2-2: Foul Ball, location: 2F 2-2: Grounds into double play, 5-4-3 (Groundball, 5, EV 105.0 MPH) Dermott Kennelly to third
|
Batting: RHB Paul Landes
|
0-0: Called Strike 0-1: Foul Ball, location: 2F 0-2: Fly out, F8 (Flyball, 78XD, EV 103.8 MPH)
|
Top of the 1st over - 0 runs, 1 hit, 0 errors, 1 left on base; Bowling Green 0 - Quad Cities 0 |
BOTTOM OF THE 1ST |
Quad Cities River Bandits batting - Pitching for Bowling Green Hot Rods : RHP Eric Smith
|
Pitching: RHP Eric Smith
|
|
Batting: RHB Ben Hoffman
|
0-0: Called Strike 0-1: Ball 1-1: Called Strike 1-2: Foul Ball, location: 2F 1-2: Ball 2-2: Foul Ball, location: 2F 2-2: Ball 3-2: Base on Balls
|
Batting: RHB Matt Parker
|
0-0: Foul Ball, location: 2F 0-1: Ball 1-1: Ball 2-1: Ball 3-1: Foul Ball, location: 2F 3-2: SINGLE (Flyball, 8RS, EV 93.8 MPH) Ben Hoffman to second Runner from 2nd tries for 3rd, OUT! 8-5
|
Batting: LHB Kelvin Jones
|
Pickoff Throw to First - Error! E1 Matt Parker to second 0-0: Ball 1-0: Ball Wild Pitch! Matt Parker to third 2-0: Fly out, F6 (Flyball, 6MD, EV 88.1 MPH)
|
Batting: RHB Steve Moore
|
0-0: Called Strike 0-1: Ball 1-1: Ball 2-1: Foul Ball, location: 2F 2-2: Foul Ball, location: 2F 2-2: Ball 3-2: Strikes out swinging
|
Bottom of the 1st over - 0 runs, 1 hit, 1 error, 1 left on base; Bowling Green 0 - Quad Cities 0 |
TOP OF THE 2ND |
Bowling Green Hot Rods batting - Pitching for Quad Cities River Bandits : RHP Alex Salinas
|
Batting: LHB Isaac Bamberg
|
0-0: Swinging Strike 0-1: Ball 1-1: Swinging Strike 1-2: Ball 2-2: Ground out 4-3 (Groundball, 4D, EV 105.0 MPH)
|
Batting: RHB Azedine Kirui
|
0-0: Reached on error, E6 (Groundball, 6, EV 98.8 MPH)
|
Batting: SHB Julio Hernandez
|
0-0: Swinging Strike 0-1: Fly out, F9 (Flyball, 9LS, EV 88.1 MPH)
|
Batting: RHB Eric Waugaman
|
0-0: Ball 1-0: Fly out, F9 (Line Drive, 9, EV 96.9 MPH)
|
Top of the 2nd over - 0 runs, 0 hits, 1 error, 1 left on base; Bowling Green 0 - Quad Cities 0 |
BOTTOM OF THE 2ND |
Quad Cities River Bandits batting - Pitching for Bowling Green Hot Rods : RHP Eric Smith
|
Batting: RHB Joe Cook
|
0-0: Ball 1-0: SINGLE (Groundball, 4MD, EV 109.4 MPH)
|
Batting: SHB Chris Keziah
|
0-0: Foul Ball, location: 2F 0-1: Grounds into double play, 6-4-3 (Groundball, 6MS, EV 88.1 MPH)
|
Batting: RHB Ben Glavich
|
0-0: Called Strike 0-1: Ground out 6-3 (Groundball, 6, EV 83.8 MPH)
|
Bottom of the 2nd over - 0 runs, 1 hit, 0 errors, 0 left on base; Bowling Green 0 - Quad Cities 0 |
TOP OF THE 3RD |
Bowling Green Hot Rods batting - Pitching for Quad Cities River Bandits : RHP Alex Salinas
|
Batting: SHB Virgil Laverick
|
0-0: Ball 1-0: Ground out 6-3 (Groundball, 6M, EV 78.8 MPH)
|
Batting: RHB Dermott Kennelly
|
0-0: Ball 1-0: Foul Ball, location: 2F 1-1: Foul Ball, location: 2F 1-2: Foul Ball, location: 2F 1-2: Ball 2-2: Foul Ball, location: 2F 2-2: Foul Ball, location: 2F 2-2: Ball 3-2: Foul Ball, location: 2F 3-2: SINGLE (Groundball, 56S, EV 70.0 MPH) (infield hit)
|
Batting: LHB Mario Ocana
|
0-0: Ball Dermott Kennelly steals 2nd base (no throw) 1-0: Called Strike 1-1: Ball 2-1: Fly out, F9 (Flyball, 89S, EV 83.8 MPH)
|
Batting: RHB Adam Kaeser
|
0-0: Ball 1-0: Ball 2-0: Called Strike 2-1: Ball 3-1: Base on Balls
|
Batting: RHB Paul Landes
|
0-0: Called Strike 0-1: Called Strike 0-2: Ball 1-2: Strikes out looking
|
Top of the 3rd over - 0 runs, 1 hit, 0 errors, 2 left on base; Bowling Green 0 - Quad Cities 0 |
BOTTOM OF THE 3RD |
Quad Cities River Bandits batting - Pitching for Bowling Green Hot Rods : RHP Eric Smith
|
Batting: RHB Chris Miller
|
0-0: Ball 1-0: Ground out 6-3 (Groundball, 6, EV 106.2 MPH)
|
Batting: LHB Jimmy Edlin
|
0-0: DOUBLE (Groundball, 3L, EV 98.1 MPH)
|
Batting: RHB Ben Hoffman
|
0-0: Ground out 4-3 (Groundball, 4M, EV 101.9 MPH) Jimmy Edlin to third
|
Batting: RHB Matt Parker
|
0-0: Ball 1-0: Ball 2-0: Foul Ball, location: 2F 2-1: Ball 3-1: Foul Ball, location: 2F 3-2: Foul Ball, location: 2F 3-2: Strikes out swinging
|
Bottom of the 3rd over - 0 runs, 1 hit, 0 errors, 1 left on base; Bowling Green 0 - Quad Cities 0 |
TOP OF THE 4TH |
Bowling Green Hot Rods batting - Pitching for Quad Cities River Bandits : RHP Alex Salinas
|
Batting: LHB Isaac Bamberg
|
0-0: Swinging Strike 0-1: Ball 1-1: Foul Ball, location: 2F 1-2: Strikes out looking
|
Batting: RHB Azedine Kirui
|
0-0: Foul Ball, location: 2F 0-1: Called Strike 0-2: Ball 1-2: Hit by Pitch
|
Batting: SHB Julio Hernandez
|
0-0: Ball 1-0: Ball 2-0: SINGLE (Line Drive, 56D, EV 111.9 MPH) Azedine Kirui to second
|
Batting: RHB Eric Waugaman
|
0-0: Called Strike 0-1: Ball 1-1: Ball 2-1: Ball 3-1: Swinging Strike 3-2: SINGLE (Flyball, 7LM, EV 86.9 MPH) Azedine Kirui to third Julio Hernandez to second
|
Batting: SHB Virgil Laverick
|
0-0: Called Strike 0-1: Swinging Strike 0-2: Foul Ball, location: 2F 0-2: Grounds into double play, 5-4-3 (Groundball, 56, EV 89.4 MPH)
|
Top of the 4th over - 0 runs, 2 hits, 0 errors, 2 left on base; Bowling Green 0 - Quad Cities 0 |
BOTTOM OF THE 4TH |
Quad Cities River Bandits batting - Pitching for Bowling Green Hot Rods : RHP Eric Smith
|
Batting: LHB Kelvin Jones
|
0-0: Ball 1-0: Ball 2-0: Called Strike 2-1: Ball 3-1: Foul Ball, location: 2F 3-2: Base on Balls
|
Batting: RHB Steve Moore
|
0-0: Called Strike 0-1: Ball 1-1: Called Strike Pickoff Throw to First - Out! 1-3 1-2: Ground out 6-3 (Groundball, 56, EV 102.5 MPH)
|
Batting: RHB Joe Cook
|
0-0: Ball 1-0: Ball 2-0: Ball 3-0: Base on Balls
|
Batting: SHB Chris Keziah
|
0-0: Ball 1-0: Called Strike 1-1: Ball 2-1: Foul Ball, location: 2F 2-2: Foul Ball, location: 2F 2-2: Foul Ball, location: 2F 2-2: Ball 3-2: Ground out 6-3 (Groundball, 4M, EV 84.4 MPH)
|
Bottom of the 4th over - 0 runs, 0 hits, 0 errors, 1 left on base; Bowling Green 0 - Quad Cities 0 |
TOP OF THE 5TH |
Bowling Green Hot Rods batting - Pitching for Quad Cities River Bandits : RHP Alex Salinas
|
Batting: RHB Dermott Kennelly
|
0-0: Ball 1-0: Called Strike 1-1: Foul Ball, location: 2F 1-2: Ground out 5-3 (Groundball, 5, EV 82.5 MPH)
|
Batting: LHB Mario Ocana
|
0-0: Ball 1-0: Ball 2-0: Ball 3-0: Called Strike 3-1: SINGLE (Groundball, 4MD, EV 102.5 MPH)
|
Pitching: RHP Greg Ritchie
|
|
Batting: RHB Adam Kaeser
|
0-0: Ball 1-0: Grounds into double play, 6-4-3 (Groundball, 6, EV 86.2 MPH)
|
Top of the 5th over - 0 runs, 1 hit, 0 errors, 0 left on base; Bowling Green 0 - Quad Cities 0 |
BOTTOM OF THE 5TH |
Quad Cities River Bandits batting - Pitching for Bowling Green Hot Rods : RHP Eric Smith
|
Batting: RHB Ben Glavich
|
0-0: Ball 1-0: SINGLE (Groundball, 6D, EV 95.0 MPH)
|
Batting: RHB Chris Miller
|
0-0: Called Strike 0-1: Foul Ball, location: 2F 0-2: Fly out, F7 (Flyball, 78M, EV 91.2 MPH)
|
Batting: LHB Jimmy Edlin
|
0-0: Called Strike 0-1: Fly out, F4 (Flyball, 34D, EV 90.0 MPH)
|
Batting: RHB Ben Hoffman
|
0-0: Called Strike 0-1: Called Strike 0-2: Ball 1-2: Fielders Choice at 2nd, 6-4 (Groundball, 6, EV 78.8 MPH)
|
Bottom of the 5th over - 0 runs, 1 hit, 0 errors, 1 left on base; Bowling Green 0 - Quad Cities 0 |
TOP OF THE 6TH |
Bowling Green Hot Rods batting - Pitching for Quad Cities River Bandits : RHP Greg Ritchie
|
Batting: RHB Paul Landes
|
0-0: Ball 1-0: Called Strike 1-1: SINGLE (Groundball, 34D, EV 110.0 MPH)
|
Batting: LHB Isaac Bamberg
|
0-0: Called Strike 0-1: Foul Ball, location: 2F 0-2: Strikes out looking
|
Batting: RHB Azedine Kirui
|
0-0: Called Strike 0-1: DOUBLE (Groundball, 3L, EV 101.9 MPH) Paul Landes to third
|
Batting: SHB Julio Hernandez
|
0-0: Intentional Walk
|
Batting: RHB Eric Waugaman
|
0-0: Foul Ball, location: 2F 0-1: Ball 1-1: Foul Ball, location: 2F 1-2: Fly out, F3 (Popup, 3SF, EV 81.9 MPH)
|
Batting: SHB Virgil Laverick
|
0-0: Ball 1-0: Fly out, F8 (Flyball, 8RXD, EV 99.4 MPH)
|
Top of the 6th over - 0 runs, 2 hits, 0 errors, 3 left on base; Bowling Green 0 - Quad Cities 0 |
BOTTOM OF THE 6TH |
Quad Cities River Bandits batting - Pitching for Bowling Green Hot Rods : RHP Eric Smith
|
Batting: RHB Matt Parker
|
0-0: Foul Ball, location: 2F 0-1: Ball 1-1: Swinging Strike 1-2: Ball 2-2: Foul Ball, location: 2F 2-2: Strikes out swinging
|
Pitching: LHP Bennett Mele
|
|
Batting: LHB Kelvin Jones
|
0-0: Called Strike 0-1: Fly out, F9 (Flyball, 9S, EV 89.4 MPH)
|
Batting: RHB Steve Moore
|
0-0: Foul Ball, location: 2F 0-1: Swinging Strike 0-2: Ball 1-2: Ball 2-2: Ground out 5-3 (Groundball, 56S, EV 81.9 MPH)
|
Bottom of the 6th over - 0 runs, 0 hits, 0 errors, 0 left on base; Bowling Green 0 - Quad Cities 0 |
TOP OF THE 7TH |
Bowling Green Hot Rods batting - Pitching for Quad Cities River Bandits : RHP Greg Ritchie
|
Pitching: RHP Arsène Serre
|
|
Batting: RHB Dermott Kennelly
|
0-0: Ground out 4-3 (Groundball, 4, EV 87.5 MPH)
|
Batting: LHB Mario Ocana
|
0-0: Ball 1-0: Foul Ball, location: 2F 1-1: Ball 2-1: Ball 3-1: Foul Ball, location: 2F 3-2: Base on Balls
|
Batting: RHB Adam Kaeser
|
0-0: Ball 1-0: Called Strike 1-1: Foul Ball, location: 2F 1-2: Ball 2-2: Ball 3-2: Fly out, F8 (Flyball, 8RM, EV 88.1 MPH)
|
Batting: RHB Paul Landes
|
0-0: Ball 1-0: Ball 2-0: Foul Ball, location: 2F 2-1: Ball 3-1: Called Strike 3-2: Ground out 4-3 (Groundball, 4, EV 85.0 MPH)
|
Top of the 7th over - 0 runs, 0 hits, 0 errors, 1 left on base; Bowling Green 0 - Quad Cities 0 |
BOTTOM OF THE 7TH |
Quad Cities River Bandits batting - Pitching for Bowling Green Hot Rods : LHP Bennett Mele
|
Pitching: RHP Nate Russano
|
|
Batting: RHB Joe Cook
|
0-0: Swinging Strike 0-1: Swinging Strike 0-2: Strikes out looking
|
Batting: SHB Chris Keziah
|
0-0: Foul Ball, location: 2F 0-1: Foul Ball, location: 2F 0-2: Strikes out swinging
|
Batting: RHB Ben Glavich
|
0-0: Foul Ball, location: 2F 0-1: Foul Ball, location: 2F 0-2: Foul Ball, location: 2F 0-2: Strikes out looking
|
Bottom of the 7th over - 0 runs, 0 hits, 0 errors, 0 left on base; Bowling Green 0 - Quad Cities 0 |
TOP OF THE 8TH |
Bowling Green Hot Rods batting - Pitching for Quad Cities River Bandits : RHP Arsène Serre
|
Pitching: RHP Robin Yelland
|
|
Batting: LHB Isaac Bamberg
|
0-0: Ball 1-0: Foul Ball, location: 2F 1-1: Swinging Strike 1-2: Fly out, F7 (Flyball, 7LM, EV 91.2 MPH)
|
Batting: RHB Azedine Kirui
|
0-0: Called Strike 0-1: Fly out, F8 (Line Drive, 8RD, EV 95.0 MPH)
|
Batting: SHB Julio Hernandez
|
0-0: Ball 1-0: Called Strike 1-1: SINGLE (Line Drive, 8RS, EV 90.0 MPH)
|
Batting: RHB Eric Waugaman
|
0-0: Ball 1-0: Called Strike 1-1: Ball 2-1: Fielders Choice at 2nd, 5-4 (Groundball, 56, EV 98.1 MPH)
|
Top of the 8th over - 0 runs, 1 hit, 0 errors, 1 left on base; Bowling Green 0 - Quad Cities 0 |
BOTTOM OF THE 8TH |
Quad Cities River Bandits batting - Pitching for Bowling Green Hot Rods : RHP Nate Russano
|
Pinch Hitting: LHB Angelo Vasquez
|
0-0: Called Strike 0-1: Ball 1-1: Foul Ball, location: 2F 1-2: Foul Ball, location: 2F 1-2: Ball 2-2: Fly out, F6 (Popup, 6MD, EV 68.8 MPH)
|
Pitching: RHP Jeremy Price
|
|
Batting: LHB Jimmy Edlin
|
0-0: Ball 1-0: Foul Ball, location: 2F 1-1: Ball 2-1: SINGLE (Line Drive, 8RS, EV 100.0 MPH)
|
Batting: RHB Ben Hoffman
|
0-0: Called Strike 0-1: Swinging Strike 0-2: Strikes out swinging
|
Batting: RHB Matt Parker
|
0-0: Ball 1-0: Fly out, F8 (Flyball, 78M, EV 86.9 MPH)
|
Bottom of the 8th over - 0 runs, 1 hit, 0 errors, 1 left on base; Bowling Green 0 - Quad Cities 0 |
TOP OF THE 9TH |
Bowling Green Hot Rods batting - Pitching for Quad Cities River Bandits : RHP Robin Yelland
|
Now in LF: Bobby Dunn
|
|
Batting: SHB Virgil Laverick
|
0-0: Ball 1-0: Called Strike 1-1: Ball 2-1: Called Strike 2-2: Foul Ball, location: 2F 2-2: SINGLE (Groundball, 3D, EV 103.1 MPH)
|
Batting: RHB Dermott Kennelly
|
0-0: Ball 1-0: Swinging Strike 1-1: Foul Ball, location: 2F 1-2: Ball 2-2: Foul Ball, location: 2F 2-2: Foul Ball, location: 2F 2-2: Ball 3-2: Foul Ball, location: 2F 3-2: SINGLE (Groundball, 25, EV 65.0 MPH) (infield hit) Virgil Laverick to second
|
Batting: LHB Mario Ocana
|
0-0: SINGLE (Groundball, 34D, EV 99.4 MPH) Virgil Laverick to third Dermott Kennelly to second
|
Batting: RHB Adam Kaeser
|
0-0: Called Strike 0-1: Called Strike 0-2: Foul Ball, location: 2F 0-2: Ball 1-2: Foul Ball, location: 2F 1-2: DOUBLE (Line Drive, 7LS, EV 87.5 MPH) Virgil Laverick scores Dermott Kennelly scores Mario Ocana to third
|
Batting: RHB Paul Landes
|
0-0: Fly out, F4 (Popup, 4D, EV 46.9 MPH)
|
Batting: LHB Isaac Bamberg
|
0-0: Intentional Walk
|
Batting: RHB Azedine Kirui
|
0-0: Grounds into double play, 6-2-3 (Groundball, 56S, EV 84.4 MPH)
|
Top of the 9th over - 2 runs, 4 hits, 0 errors, 2 left on base; Bowling Green 2 - Quad Cities 0 |
BOTTOM OF THE 9TH |
Quad Cities River Bandits batting - Pitching for Bowling Green Hot Rods : RHP Jeremy Price
|
Pitching: RHP Al Speer
|
|
Batting: LHB Kelvin Jones
|
0-0: Ball 1-0: Foul Ball, location: 2F 1-1: Called Strike 1-2: Ball 2-2: Strikes out swinging
|
Batting: RHB Steve Moore
|
0-0: Ball 1-0: Called Strike 1-1: Ground out 5-3 (Groundball, 56, EV 85.0 MPH)
|
Batting: RHB Joe Cook
|
0-0: Fly out, F6 (Flyball, 56D, EV 90.6 MPH)
|
Bottom of the 9th over - 0 runs, 0 hits, 0 errors, 0 left on base; Bowling Green 2 - Quad Cities 0 |
|